 Dungeon Crawl Stone Soup version 0.30-a0-728-gc68057be0a (webtiles) character file.

Game seed: 5669003356462267919

47614 jt the Ogre Mage (level 14, -10/131 HPs)
             Began as an Ogre Reaver on Jan 31, 2023.
             Was the Champion of Fedhas.
             Shot with an arrow by a centaur warrior (23 damage)
             ... on level 14 of the Dungeon on Feb 1, 2023.
             The game lasted 01:41:47 (29780 turns).

jt the Ogre Mage (Ogre Reaver)                     Turns: 29780, Time: 01:41:48

Health: -10/131    AC:  7    Str: 21    XL:     14   Next: 42%
Magic:  15/30      EV: 10    Int: 16    God:    Fedhas [******]
Gold:   1356       SH:  5    Dex:  7    Spells: 11/38 levels left

rFire   . . .      SeeInvis +    a - +0 demon trident (pain)
rCold   . . .      Faith    .    (no shield)
rNeg    . . .      Spirit   .    P - +2 robe {Will+}
rPois   .          Reflect  +    (helmet restricted)
rElec   .          Harm     .    z - +1 cloak
rCorr   +          Rampage  .    (gloves unavailable)
Will    ++...                    (boots unavailable)
Stlth   ++                       m - amulet of reflection
HPRegen 0.41/turn                V - ring of see invisible
MPRegen 0.22/turn                Y - ring of resist corrosion

@: forested, hasted, very quick
A: large, unfitting armour, tough skin 1, talons 1, screaming 1
a: Renounce Religion, Wall of Briars, Grow Ballistomycete, Overgrow, Grow Oklob


You were on level 14 of the Dungeon.
You worshipped Fedhas.
Fedhas was exalted by your worship.
You visited 4 branches of the dungeon, and saw 21 of its levels.

You collected 1776 gold pieces.
You spent 420 gold pieces at shops.

Inventory:

Hand Weapons
 a - a +0 demon trident of pain (weapon)
 d - a +1 heavy shortbow
 j - a +0 sling of draining
 q - the +11 scimitar "Dapheiv" {pain, rC+ Will+ Str+2}
   (You found it on level 3 of the Lair of Beasts)

   Str:       It affects your strength (+2).
   rC:        It protects you from cold.
   Will:      It increases your willpower.
 C - a +0 hand axe of flaming
 N - a +3 flail of freezing
Missiles
 f - 10 large rocks
 g - 10 boomerangs (quivered)
 h - 4 throwing nets
 o - 21 poisoned darts
 u - 2 boomerangs of dispersal
 F - 5 curare-tipped darts
 H - 6 atropa-tipped darts
 J - 6 javelins
Armour
 b - a +0 robe
 l - a +1 kite shield of protection
 z - a +1 cloak (worn)
 B - the +3 cloak of Gier {rPois rF- Slay+3}
   (You bought it in a shop on level 8 of the Dungeon)

   Slay:      It affects your accuracy & damage with ranged weapons and melee
   (+3).
   rF:        It makes you vulnerable to fire.
   rPois:     It protects you from poison.
 P - a +2 robe of willpower (worn)
 X - a scarf of repulsion
Magical Staves
 c - a staff of death
 T - a staff of fire
Jewellery
 m - an amulet of reflection (around neck)
 E - an amulet of magic regeneration
 L - a ring of flight
 V - a ring of see invisible (left hand)
 Y - a ring of resist corrosion (right hand)
Wands
 p - a wand of paralysis (3)
 y - a wand of flame (25)
 A - a wand of light (8)
 K - a wand of mindburst (11)
 Q - a wand of iceblast (7)
 S - a wand of polymorph (10)
Scrolls
 e - a scroll of magic mapping
 i - 7 scrolls of poison
 k - 2 scrolls of teleportation
 n - a scroll of vulnerability
 r - a scroll of fog
 s - 5 scrolls of enchant weapon
 v - 3 scrolls of brand weapon
 w - 2 scrolls of blinking
 D - a scroll of enchant armour
 O - 3 scrolls of immolation
Potions
 t - 3 potions of attraction
 x - a potion of invisibility
 G - a potion of mutation
 I - 2 potions of brilliance
 U - a potion of resistance
 Z - a potion of haste


   Skills:
 - Level 6.7 Fighting
 - Level 11.6 Polearms
 - Level 2.0 Throwing
 - Level 4.0 Dodging
 - Level 2.0 Stealth
 - Level 12.6 Spellcasting
 - Level 7.5 Conjurations
 + Level 7.1 Summonings
 + Level 8.6 Translocations
 - Level 8.3 Ice Magic
 - Level 4.8 Invocations
 - Level 3.3 Evocations


You had 11 spell levels left.
You knew the following spells:

 Your Spells              Type           Power      Damage    Failure   Level
a - Summon Forest         Summ/Tloc      17%        N/A       8%          5
b - Momentum Strike       Conj/Tloc      72%        3d10      1%          2
c - Hailstorm             Conj/Ice       35%        3d9       1%          3
d - Blink                 Tloc           74%        N/A       1%          2
e - Frozen Ramparts       Ice            72%        1d11      1%          3
f - Ice Form              Ice/Tmut       23%        N/A       12%         4
g - Summon Ice Beast      Ice/Summ       34%        N/A       3%          4
h - Iskenderun's Mystic   Conj/Tloc      36%        2d9       2%          4

Your spell library contained the following spells:

 Spells                   Type           Power      Damage    Failure   Level
 Apportation              Tloc           74%        N/A       1%          1
 Kiss of Death            Conj/Necr      88%        2d12      1%          1
 Summon Small Mammal      Summ           100%       N/A       1%          1
 Manifold Assault         Tloc           37%        N/A       1%          4
 Portal Projectile        Hex/Tloc       46%        N/A       3%          3
 Dazzling Flash           Conj/Hex       44%        N/A       4%          3
 Summon Guardian Golem    Hex/Summ       21%        N/A       4%          3
 Kindle Blastsparks       Fire/Tloc/Air  38%        2d13      6%          3
 Necrotise                Necr           40%        1d6       7%          1
 Fulminant Prism          Conj/Hex       11%        3d8       14%         4
 Inner Flame              Hex/Fire       10%        N/A       22%         3
 Cause Fear               Hex            5%         N/A       56%         4
 Lee's Rapid Deconstruct  Erth           5%         3d6*      89%         5
 Yara's Violent Unravell  Hex/Tmut       5%         3d4       89%         5
 Starburst                Conj/Fire      11%        6d5       92%         6
 Malign Gateway           Summ/Tloc      17%        N/A       93%         7
 Orb of Destruction       Conj           17%        9d7       95%         7
 Spellforged Servitor     Conj/Summ      16%        N/A       96%         7
 Enfeeble                 Hex            5%         N/A       100%        7
 Storm Form               Tmut/Air       5%         N/A       100%        7
 Discord                  Hex            5%         N/A       100%        8


Dungeon Overview and Level Annotations

Branches:
Dungeon (14/15)            Temple (1/1) D:4            Lair (5/5) D:8
 Shoals (0/4) Lair:2       Spider (0/4) Lair:3        Slime (0/5) Lair:4
    Orc (1/2) D:11         Vaults (0/5) D:14

Altars:
Ashenzari
Cheibriados
Dithmenos
Elyvilon
Fedhas
Gozag
Hepliaklqana
Kikubaaqudgha
Makhleb
Nemelex Xobeh
Okawaru
Qazlal
Ru
Sif Muna
Trog
Uskayaw
Vehumet
Wu Jian
Xom
Yredelemnul
Zin
The Shining One

Shops:
D:6 *   D:8 [   D:12 (

Annotations:
D:4 2 transporters
Lair:1 1 runed translucent door, kae's ghost, journeyman GrEE


Innate Abilities, Weirdness & Mutations

You are too large for most types of armour.
You have tough skin. (AC +1)
You have sharp toenails.
You occasionally shout uncontrollably at your foes.


Message History

You walk carefully through the plants.
The centaur warrior shoots an arrow.
The arrow hits the tengu warrior!
The centaur warrior unwields a +0 longbow.
The centaur warrior hits your ice beast!
The centaur warrior kicks your ice beast.
Press: ? - help, v - describe, . - travel
Here: a tengu warrior, wielding a +3 battleaxe and wearing a +0 leather armour (severely wounded, ally target)
The floor, spattered with blood.
Unknown command.
The tengu warrior hits your briar patch with a +3 battleaxe!
The tengu warrior hits your briar patch with a +3 battleaxe.
The tengu warrior hits your briar patch with a +3 battleaxe!
Your briar patch is destroyed!
Your briar patch disappears in a puff of smoke!
The tengu warrior hits your briar patch with a +3 battleaxe. x3
Your briar patch is destroyed!
Your briar patch disappears in a puff of smoke!
The tengu warrior hits your briar patch with a +3 battleaxe!!
The tengu warrior hits your ice beast with a +3 battleaxe!
Your ice beast dies!
Your ice beast disappears in a puff of smoke!
The tengu warrior pecks your briar patch.
The tengu warrior claws your briar patch but does no damage.
The centaur warrior wields a +0 longbow.
The centaur warrior shoots an arrow.
The arrow misses the tengu warrior.
The arrow hits your briar patch!!
Your briar patch is destroyed!
Your briar patch disappears in a puff of smoke!
Press: ? - help, v - describe, . - travel
Here: a centaur warrior, wielding a +0 longbow (severely wounded, blind)
The floor.
Okay, then.
Press: ? - help, v - describe, . - travel
Here: a tengu warrior, wielding a +3 battleaxe and wearing a +0 leather armour (severely wounded, ally target)
The floor, spattered with blood.
You feel yourself speed up.
The centaur warrior shoots an arrow.
The arrow completely misses the tengu warrior.
The arrow hits you!!
You die...
Fedhas appreciates your contribution to the ecosystem.

#........ ..#......†.
###### ..##........
#....###..#.....####
#.........#.....#
#........ #.....#
#...... #...÷.#
#....######.....##+#
♣.♣@.#..<.Y.####....
#.P§P#......p..#....
♣.PQP#......#..#....
#...§#......#..#....
#§§c.♣......#..'....
#♣##'##......####....
#.......#######.....#
#.♣.....#............
#.§..~~.♣............


You could see a tengu warrior (ally target) and a centaur warrior (blind).

Vanquished Creatures
  A vault guard (D:14)
  2 hydras
  A catoblepas (D:14)
  A centaur warrior (D:13)
  An anaconda (Lair:3)
  4 two-headed ogres
  Erica (D:9)
  2 death yaks (Lair:4)
  Urug (Lair:4)
  A fire crab (Lair:3)
  Pikel (D:4)
  A deep elf zephyrmancer (D:6)
  3 ugly things (D:12)
  A deep elf pyromancer (D:13)
  2 manticores
  2 orc sorcerers (Orc:1)
  2 black mambas
  A cyclops (D:14)
  3 centaur zombies (D:11)
  Maurice (D:9)
  A torpor snail (Lair:4)
  A rime drake (D:8)
  A freezing wraith (D:14)
  12 cane toads
  A komodo dragon (D:11)
  Psyche (D:11)
  2 trolls
  A merfolk (Lair:2)
  3 meliai
  7 blink frogs
  2 meliai zombies (D:11)
  2 dream sheep (Lair:4)
  6 slime creatures
  2 shadows (D:11)
  4 vampires
  Sigmund (D:4)
  4 wraiths
  A basilisk (D:14)
  A wyvern (Lair:3)
  32 yaks
  Eustachio (D:5)
  3 water elementals (D:13)
  A steam dragon (D:10)
  10 vampire mosquitoes
  Menkaure (D:5)
  4 water moccasins
  An acid dragon (D:9)
  2 nameless horrors
  3 orc warriors
  A black bear (D:4)
  4 ice beasts (D:8)
  2 ogres (Orc:1)
  3 centaurs
  11 wolves
  A phantom (D:6)
  Blork the orc (D:5)
  A lemure (D:3)
  2 kobold brigands
  9 bullfrogs
  2 gnoll sergeants
  3 scorpions
  A necrophage (D:8)
  9 wights (D:9)
  A killer bee (D:8)
  A howler monkey (D:9)
  5 electric eels (D:13)
  3 orc priests
  A gnoll bouda (D:4)
  3 hounds
  A jelly (Lair:4)
  Ijyb (D:5)
  A boggart zombie (D:11)
  3 iguanas
  16 orc wizards
  19 gnolls
  11 adders
  A shadow imp (D:7)
  A white imp (D:6)
  A worm (D:3)
  4 dart slugs
  36 orcs
  6 endoplasms
  A giant cockroach (D:4)
  6 goblins
  9 hobgoblins
  2 jackals (D:2)
  18 kobolds
  2 quokkas (D:1)
  7 ball pythons
  4 bats
  3 frilled lizards
  4 rats
364 creatures vanquished.

Vanquished Creatures (collateral kills)
  2 vault guards
  3 hydras
  A centaur warrior (D:13)
  A deep elf pyromancer (D:14)
  2 cyclopes
  2 cane toads (Lair:3)
  3 komodo dragons
  A meliai (D:12)
  A troll (Orc:1)
  A blink frog (Lair:4)
  A dream sheep (Lair:4)
  4 slime creatures
  4 yaks (Lair:4)
  3 vampire mosquitoes
  An acid dragon (D:14)
  3 water moccasins
  A centaur (D:9)
  A bullfrog (Lair:3)
  2 killer bees (D:9)
  2 jellies (Lair:4)
  2 gnolls (D:4)
  2 orcs
  An endoplasm (D:4)
  A ball python (D:4)
45 creatures vanquished.

Vanquished Creatures (others)
  39 fungi
  24 plants
63 creatures vanquished.

Grand Total: 472 creatures vanquished

Notes
Turn   | Place    | Note
-------+----------+-------------------------------------------
     0 | D:1      | jt the Ogre Reaver began the quest for the Orb.
     0 | D:1      | Reached XP level 1. HP: 22/22 MP: 3/3
   117 | D:1      | Reached XP level 2. HP: 19/29 MP: 5/5
   302 | D:1      | Reached skill level 1 in Stealth
   419 | D:1      | Learned a level 2 spell: Momentum Strike
   511 | D:1      | Reached XP level 3. HP: 28/36 MP: 6/6
   997 | D:2      | Found a faded altar of an unknown god.
  1005 | D:2      | Prayed at the altar of an unknown god.
  1005 | D:2      | Became a worshipper of Fedhas Madash
  1005 | D:2      | Reached * piety under Fedhas
  1263 | D:2      | Reached XP level 4. HP: 40/41 MP: 7/7
  1886 | D:2      | Reached XP level 5. HP: 43/50 MP: 8/8
  2157 | D:3      | Found a bloodstained altar of Trog.
  2206 | D:3      | Found an ornate altar of the Wu Jian Council.
  2238 | D:3      | Reached ** piety under Fedhas
  2257 | D:3      | Reached skill level 5 in Polearms
  3017 | D:4      | Reached XP level 6. HP: 50/62 MP: 9/9
  3149 | D:4      | Noticed a black bear
  3156 | D:4      | Gained mutation: You occasionally shout uncontrollably at
                  | your foes. [potion of mutation]
  3156 | D:4      | Gained mutation: You have sharp toenails. [potion of
                  | mutation]
  3158 | D:4      | Killed a black bear
  3161 | D:4      | Found a transporter.
  3365 | D:4      | Noticed Pikel
  3594 | D:4      | Killed Pikel
  3595 | D:4      | Reached skill level 5 in Fighting
  3595 | D:4      | Reached XP level 7. HP: 29/74 MP: 5/10
  3743 | D:4      | Reached XP level 8. HP: 74/83 MP: 11/11
  3875 | D:4      | Reached *** piety under Fedhas
  3904 | D:4      | Noticed Sigmund
  3916 | D:4      | Killed Sigmund
  3961 | D:4      | HP: 2/83 [something/puff of flame (9)]
  4252 | D:4      | Found a transporter.
  4308 | D:4      | Found a staircase to the Ecumenical Temple.
  4317 | Temple   | Entered the Ecumenical Temple
  4518 | D:5      | Entered Level 5 of the Dungeon
  4520 | D:5      | Noticed a two-headed ogre
  4554 | D:4      | Learned a level 3 spell: Hailstorm
  4555 | D:5      | Noticed Blork the orc
  4559 | D:5      | Killed Blork the orc
  4653 | D:5      | Noticed Ijyb
  4658 | D:5      | Paralysed by Ijyb for 4 turns
  4663 | D:5      | Killed Ijyb
  4825 | D:5      | Found an opulent altar of Gozag.
  4882 | D:5      | Noticed Menkaure
  4885 | D:5      | Killed Menkaure
  4886 | D:5      | Reached skill level 3 in Spellcasting
  4886 | D:5      | Reached skill level 1 in Ice Magic
  4976 | D:5      | Killed a two-headed ogre
  4977 | D:5      | Reached skill level 4 in Spellcasting
  4977 | D:5      | Reached XP level 9. HP: 89/89 MP: 9/15
  5403 | D:5      | Noticed Eustachio
  5418 | D:5      | Killed Eustachio
  5747 | D:6      | Noticed a deep elf zephyrmancer
  5753 | D:6      | Killed a deep elf zephyrmancer
  5754 | D:6      | Reached skill level 1 in Evocations
  5907 | D:6      | Reached skill level 5 in Spellcasting
  6085 | D:6      | Found Iciuteyshro's General Store.
  6094 | D:6      | Bought 2 potions of curing for 78 gold pieces
  6552 | D:7      | Reached XP level 10. HP: 95/98 MP: 1/17
  7056 | D:7      | Got Sif Muna's Verses on the Singularity
  7062 | D:7      | Learned a level 2 spell: Blink
  7454 | D:7      | Found a shimmering blue altar of Sif Muna.
  7618 | D:8      | Reached **** piety under Fedhas
  7959 | D:8      | Found Poasegio's Antique Armour Boutique.
  8231 | D:8      | Found a staircase to the Lair.
  8256 | D:7      | Reached skill level 5 in Conjurations
  9488 | D:7      | Reached skill level 6 in Spellcasting
 10026 | Lair:1   | Entered Level 1 of the Lair of Beasts
 10155 | Lair:1   | Noticed a cane toad
 10164 | Lair:1   | Killed a cane toad
 10793 | Lair:1   | Found a runed translucent door.
 10798 | Lair:1   | Noticed kae's ghost (journeyman GrEE)
 11024 | Lair:1   | HP: 2/98 [blink frog (18)]
 11029 | Lair:1   | Reached skill level 5 in Translocations
 11029 | Lair:1   | Reached skill level 5 in Ice Magic
 11030 | Lair:1   | Reached XP level 11. HP: 13/94 MP: 13/21
 11035 | Lair:1   | Reached skill level 7 in Spellcasting
 11965 | D:9      | Noticed Maurice
 12107 | D:9      | Killed Maurice
 12750 | D:9      | Reached skill level 10 in Polearms
 12801 | D:9      | Learned a level 3 spell: Frozen Ramparts
 12827 | D:9      | Noticed Erica
 12939 | D:9      | Found a glowing golden altar of the Shining One.
 13094 | D:8      | Bought a brightly glowing cloak for 342 gold pieces
 13094 | D:8      | Identified the +3 cloak of Gier {rPois rF- Slay+3} (You
                  | bought it in a shop on level 8 of the Dungeon)
 13201 | D:9      | Killed Erica
 13201 | D:9      | Reached ***** piety under Fedhas
 13202 | D:9      | Reached skill level 8 in Spellcasting
 13968 | D:10     | Entered Level 10 of the Dungeon
 14424 | D:10     | Noticed a two-headed ogre
 14437 | D:10     | Killed a two-headed ogre
 14513 | D:10     | Noticed a two-headed ogre
 14530 | D:10     | Killed a two-headed ogre
 15057 | D:10     | Reached XP level 12. HP: 77/114 MP: 15/24
 15448 | D:11     | Reached skill level 9 in Spellcasting
 15559 | D:11     | Learned a level 4 spell: Ice Form
 15564 | D:11     | Learned a level 4 spell: Summon Ice Beast
 15922 | D:11     | Reached skill level 1 in Invocations
 16353 | D:11     | Noticed a two-headed ogre
 16550 | D:11     | Killed a two-headed ogre
 16699 | D:11     | Learned a level 4 spell: Iskenderun's Mystic Blast
 16776 | D:11     | Found a staircase to the Orcish Mines.
 16841 | D:11     | Noticed Psyche
 16848 | D:11     | Killed Psyche
 17331 | Orc:1    | Entered Level 1 of the Orcish Mines
 17420 | Orc:1    | Reached skill level 1 in Summonings
 18133 | Lair:2   | Reached skill level 10 in Spellcasting
 18772 | Lair:2   | Found a staircase to the Shoals.
 18943 | Lair:3   | Noticed a six-headed hydra
 18981 | Lair:2   | Killed a six-headed hydra
 19007 | Lair:3   | Noticed a five-headed hydra
 19027 | Lair:2   | Killed a five-headed hydra
 19238 | Lair:3   | Found a hole to the Spider Nest.
 19358 | Lair:3   | Reached XP level 13. HP: 120/120 MP: 19/27
 21680 | Lair:3   | Identified the +11 scimitar "Dapheiv" {pain, rC+ Will+
                  | Str+2}
 21962 | Lair:4   | Noticed Urug
 21978 | Lair:4   | Killed Urug
 21979 | Lair:4   | Reached skill level 11 in Spellcasting
 22026 | Lair:4   | Reached ****** piety under Fedhas
 22893 | Lair:4   | Found a staircase to the Slime Pits.
 23406 | Lair:4   | Reached skill level 5 in Summonings
 23814 | Lair:5   | Entered Level 5 of the Lair of Beasts
 24383 | D:12     | Found Jijos's Antique Weapon Shop.
 25318 | D:12     | Reached skill level 12 in Spellcasting
 25685 | D:13     | Found a blossoming altar of Fedhas.
 25710 | D:13     | Reached XP level 14. HP: 131/131 MP: 23/30
 26332 | D:13     | HP: 4/131 [centaur warrior (10)]
 26334 | D:13     | HP: 1/131 [meliai/divine providence (11)]
 27835 | D:14     | Found a gate to the Vaults.
 28523 | D:12     | Learned a level 5 spell: Summon Forest
 28998 | D:14     | Found a glowing golden altar of the Shining One.
 29780 | D:14     | Shot with an arrow by a centaur warrior

Illustrated notes

Levels and vault maps discovered:
D:1:      ncdulo_lavacross, layout_basic
D:2:      layout_basic, hellmonk_ecumenical_altar_crossroads
D:3:      layout_rooms, mainiacjoe_overflow_big_doors
D:4:      gammafunk_cloud_chamber, layout_rooms, temple_statues, uniq_sigmund,
          uniq_pikel
D:5:      layout_gridville, nicolae_gozag_cash_rules_everything_around_me,
          serial_bayou_crossing, uniq_menkaure, uniq_eustachio, uniq_ijyb,
          uniq_blork_the_orc
D:6:      layout_rooms, serial_shops, nicolae_diamond_shop,
          guppyfry_early_elven_hall
D:7:      layout_basic, lemuel_coloured_pillars_altar
D:8:      layout_basic, hellmonk_lair_entry_icy, serial_shops,
          nicolae_take_the_stairs, chequers_serial_rivers_large_b
D:9:      layout_long_grid, mainiacjoe_overflow_concentric_impassable,
          uniq_erica, uniq_maurice
D:10:     layout_long_grid
D:11:     layout_basic, orc_0_dummy, serial_undead, serial_undead_c,
          serial_undead_e, serial_undead_d, serial_undead_c, uniq_psyche
D:12:     layout_rooms, serial_shops, shop
D:13:     layout_basic, fedhas_altar_2
D:14:     layout_gridville, lightli_vaults_fourway_checkpoint,
          nicolae_hexahallways, tso_metal_star
Temple:   bh_familiar_temple
Lair:1:   layout_loops_ring, ebering_ghost_reflecting_pool, grunt_megastairs_2,
          lemuel_fruit_tree
Lair:2:   layout_cave_pods, elwin_shoals_entry_rooms
Lair:3:   nzn_winding_woodlands_stair_cross [nzn_winding_woodlands_5x15_pool,
          nzn_winding_woodlands_center_triple_pond,
          nzn_winding_woodlands_5x15_sidewinder,
          nzn_winding_woodlands_5x5_cross, nzn_winding_woodlands_5x5_three,
          nzn_winding_woodlands_5x15_twine,
          nzn_winding_woodlands_center_diamonds,
          nzn_winding_woodlands_5x15_longhouse], layout_small_grid,
          dummy_spider_entry
Lair:4:   layout_layer_cave, minmay_slime_entry_pillars, serial_bayou_shore_b,
          uniq_urug
Lair:5:   grunt_lair_end_beastmaster, layout_cave_pods, serial_rivers,
          chequers_serial_rivers_micro_a, chequers_serial_rivers_micro_d,
          chequers_serial_rivers_small_b, chequers_serial_rivers_marsh,
          chequers_serial_rivers_room_b, grunt_megastairs_5
Orc:1:    layout_caves

Skill      XL: |  1  2  3  4  5  6  7  8  9 10 11 12 13 14 |
---------------+-------------------------------------------+-----
Stealth        | 1 2 |  2.0
Polearms       | 4 5 6 8 9 10 11 | 11.6
Fighting       | 3 5 6 |  6.7
Dodging        | 2 3 4 |  4.0
Throwing       | 2 |  2.0
Spellcasting   | 4 5 6 8 10 12 | 12.6
Conjurations   | 3 4 6 7 |  7.5
Ice Magic      | 2 3 5 6 8 |  8.3
Translocations | 2 3 5 7 8 |  8.6
Evocations     | 1 2 3 |  3.3
Invocations    | 4 |  4.8
Summonings     | 2 5 7 |  7.1

Action                     |  1- 3 |  4- 6 |  7- 9 | 10-12 | 13-15 || total
---------------------------+-------+-------+-------+-------+-------++-------
  Melee: Spear             |   170 |   145 |       |       |       ||   315
         Punch             |     1 |     3 |     2 |     6 |     4 ||    16
         Trident           |       |    53 |   170 |   350 |    76 ||   649
         Kick              |       |     5 |    31 |   113 |   109 ||   258
         War axe           |       |     5 |       |       |       ||     5
         Halberd           |       |       |       |   133 |       ||   133
         Demon trident     |       |       |       |       |   276 ||   276
         Unarmed           |       |       |       |       |    30 ||    30
         Staff             |       |       |       |       |     5 ||     5
   Fire: Sling             |       |    16 |       |       |       ||    16
  Throw: Dart              |       |     3 |     6 |    46 |    24 ||    79
         Boomerang         |       |       |       |    17 |     5 ||    22
         Large rock        |       |       |       |       |     1 ||     1
   Cast: Momentum Strike   |     2 |    13 |    10 |    32 |     8 ||    65
         Kiss of Death     |       |     1 |     1 |     4 |       ||     6
         Hailstorm         |       |       |    19 |   168 |   116 ||   303
         Blink             |       |       |       |    34 |    33 ||    67
         Summon Ice Beast  |       |       |       |    22 |    68 ||    90
         Frozen Ramparts   |       |       |       |     9 |    20 ||    29
         Iskenderun's Myst |       |       |       |     4 |    11 ||    15
         Ice Form          |       |       |       |       |     4 ||     4
         Summon Forest     |       |       |       |       |     6 ||     6
 Invoke: Wall of Briars    |       |     1 |       |     4 |     1 ||     6
Ability: End Transformatio |       |       |       |       |     1 ||     1
  Evoke: Wand              |       |       |     2 |    30 |    17 ||    49
    Use: Scroll            |     2 |     7 |     4 |    10 |     7 ||    30
         Potion            |       |     5 |     6 |     6 |     4 ||    21
   Stab: Sleeping          |     4 |       |     3 |     1 |       ||     8
         Paralysed         |       |       |       |     3 |     2 ||     5
         Invisible         |       |       |       |     1 |       ||     1
         Distracted        |       |       |       |       |     2 ||     2
 Armour: Robe              |    39 |    56 |    33 |   142 |    71 ||   341
         Skin              |       |    18 |     3 |     3 |     7 ||    31
  Dodge: Dodged            |    54 |    83 |    49 |   264 |   115 ||   565
  Block: Other             |       |       |       |       |    57 ||    57
         Reflection        |       |       |       |       |     4 ||     4

Table legend: (Time is in decaauts)
 A = Elapsed time spent in this place.
 B = Non-inter-level travel time spent in this place.
 C = Inter-level travel time spent in this place.
 D = Time resting spent in this place.
 E = Time spent auto-exploring this place.
 F = Levels seen in this place.
 G = Mean time per level.
                   A        B        C        D        E       F      G
               +--------+--------+--------+--------+--------+-----+--------+
         Total |  29677 |  28482 |   1195 |  12006 |   9748 |  21 | 1413.2 |
       Dungeon |  20888 |  20121 |    767 |   8608 |   6251 |  14 | 1492.0 |
        Temple |    183 |    164 |     19 |      0 |    156 |   1 |  183.0 |
          Lair |   8076 |   7677 |    399 |   3263 |   3064 |   5 | 1615.2 |
  Orcish Mines |    528 |    518 |     10 |    135 |    277 |   1 |  528.0 |
               +--------+--------+--------+--------+--------+-----+--------+

Top non-repeatable levels by time:
     D:8: 2551 daAuts
  Lair:4: 2164 daAuts
    D:11: 2142 daAuts
  Lair:3: 2136 daAuts
    D:13: 2054 daAuts
  Lair:2: 1940 daAuts
  Lair:1: 1831 daAuts
     D:7: 1813 daAuts
    D:12: 1774 daAuts
    D:10: 1682 daAuts
     D:9: 1432 daAuts
    D:14: 1266 daAuts
     D:2: 1190 daAuts
     D:4: 1156 daAuts
     D:5: 1102 daAuts
